AoeStats
← Iguano Pop

Arabia

506265981Analyzed
1v1 RM · 21d ago on Sep 13, 2026· 65m 14s· 2 players
Game mode
Random Map
Map size
Tiny (2 player)
Population
200
Speed
Normal
Resources
Standard
Victory
Conquest
Starting age
Dark Age
Ending age
Imperial Age
RankedLock teamsTeams togetherTeam positionsShared explorationLock speedFull tech treeHidden civsTurbo modeCheats
Victory
Defeat
🇹🇼 Britons · Taiwan
1334
+16
🇲🇽 Magyars · Mexico
1327
-16
Iguano Pop
6:51 Loom
9:28 Feudal Age
10:06 Double-Bit Axe
10:01 Horse Collar
18:01 Fletching
21:56 Castle Age
20:54 Padded Archer Armor
21:59 Elite Skirmisher
22:36 Bodkin Arrow
24:16 Gold Mining
25:04 Scale Barding Armor
26:24 Leather Archer Armor
26:56 Bloodlines
27:53 Husbandry
30:55 Chain Barding Armor
31:42 Gold Shaft Mining
32:05 Wheelbarrow
38:03 Imperial Age
38:48 Bracer
40:53 Plate Barding Armor
40:51 Ring Archer Armor
40:25 Town Watch
40:40 Stone Mining
41:01 Bow Saw
42:26 Plate Barding Armor
42:43 Cavalier
44:30 Light Cavalry
53:48 Chemistry
56:20 Two-Man Saw
59:09 Ballistics
63:00 Conscription
櫻道花炎
6:53 Loom
9:45 Feudal Age
10:18 Double-Bit Axe
16:18 Fletching
21:26 Castle Age
19:48 Horse Collar
21:03 Wheelbarrow
22:06 Padded Archer Armor
22:03 Bodkin Arrow
22:11 Padded Archer Armor
21:36 Crossbowman
24:18 Gold Mining
24:18 Pikeman
26:03 Scale Mail Armor
26:06 Squires
28:52 Bow Saw
31:21 Man-at-Arms
32:21 Chain Mail Armor
32:49 Forging
36:43 Imperial Age
34:01 Town Watch
35:13 Ballistics
37:30 Iron Casting
37:54 Leather Archer Armor
37:23 Treadmill Crane
38:47 Chemistry
38:56 Hand Cart
38:31 Halberdier
40:33 Bracer
42:10 Conscription
43:39 Heavy Plow
45:11 Blast Furnace
44:47 Plate Mail Armor
45:20 Yeomen
47:01 Ring Archer Armor
48:54 Elite Longbowman
53:51 Treadmill Crane
54:07 Murder Holes
55:20 Stone Mining
56:05 Gold Shaft Mining
58:09 Warwolf
61:46 Hoardings
62:35 Two-Man Saw
Connection lost

Rejoining the realm…

Still unreachable

The connection could not be restored.

Session expired

The server has moved on; the page needs a fresh start.